 Dungeon Crawl Stone Soup version 0.31-a0-667-g39726597b9 (webtiles) character file.

Game seed: 12869678322737139170

514 LobsterGuardian the Stinger (level 7, -2/42 HPs)
             Began as an Octopode Venom Mage on Sept 3, 2023.
             Was a Follower of Dithmenos.
             Slain by a black bear (3 damage)
             ... on level 5 of the Dungeon.
             The game lasted 00:14:08 (3899 turns).

LobsterGuardian the Stinger (Octopode Venom Mage)   Turns: 3899, Time: 00:14:09

Health: -2/42      AC:  1    Str:  7    XL:     7   Next: 20%
Magic:  7/11       EV: 13    Int: 18    God:    Dithmenos [*.....]
Gold:   282        SH:  0    Dex: 14    Spells: 5/11 levels left

rFire   . . .        f - +2 dagger (pain)
rCold   . . .        (no shield)
rNeg    . . .        (helmet restricted)
rPois   .            (no amulet)
rElec   .            (no ring)
rCorr   .            (no ring)
SInv    .            (no ring)
Will    .....        (no ring)
Stlth   +++++        (no ring)
HPRegen 0.27/turn    (no ring)
MPRegen 0.12/turn    (no ring)
                     (no ring)

%: no passive effects
@: wreathed by umbra
A: almost no armour, amphibious, 8 rings, camouflage 1, gelatinous body 1,
(nimble swimmer 1), tentacles
a: Renounce Religion


You were on level 5 of the Dungeon.
You worshipped Dithmenos.
Dithmenos was aware of your devotion.
You visited 1 branch of the dungeon, and saw 5 of its levels.

You collected 282 gold pieces.

Inventory:

Hand Weapons
 f - a +2 dagger of pain (weapon)
Jewellery
 m - an amulet of guardian spirit
Scrolls
 b - a scroll of noise {unknown}
 c - a scroll of vulnerability
 d - a scroll of amnesia {unknown}
 e - a scroll of fear {unknown}
 g - a scroll of enchant weapon {unknown}
 h - a scroll of teleportation {unknown}
 j - a scroll of immolation
Potions
 a - a potion of magic
 i - a potion of lignification
 k - a potion of attraction
 l - a potion of haste


   Skills:
 + Level 0.6 Fighting
 + Level 1.1 Short Blades
 + Level 2.2 Dodging
 + Level 5.5 Stealth
 + Level 2.9 Spellcasting
 + Level 0.2 Conjurations
 + Level 2.2 Transmutations
 + Level 0.9 Air Magic
 * Level 5.9 Poison Magic
 * Level 3.0 Invocations


You had 5 spell levels left.
You knew the following spells:

 Your Spells              Type           Power      Damage    Failure   Level
a - Sting                 Tmut/Pois      68%        1d6       3%          1
b - Poisonous Vapours     Pois/Air       30%        N/A       6%          2
c - Mephitic Cloud        Conj/Pois/Air  11%        N/A       19%         3

Your spell library contained the following spells:

 Spells                   Type           Power      Damage    Failure   Level
 Olgreb's Toxic Radiance  Pois           24%        N/A       14%         4
 Kiss of Death            Conj/Necr      12%        2d6       16%         1
 Momentum Strike          Conj/Tloc      6%         3d8       24%         2
 Blink                    Tloc           4%         N/A       26%         2
 Lesser Beckoning         Tloc           4%         N/A       26%         2
 Confusing Touch          Hex            2%         N/A       45%         3
 Gell's Gravitas          Tloc           2%         N/A       45%         3
 Ozocubu's Armour         Ice            2%         N/A       45%         3
 Teleport Other           Tloc           2%         N/A       45%         3
 Dispel Undead            Necr           2%         3d7       86%         4
 Metabolic Englaciation   Hex/Ice        1%         N/A       99%         5
 Simulacrum               Ice/Necr       1%         N/A       100%        6


Dungeon Overview and Level Annotations

Branches:
Dungeon (5/15)
 Temple: D:4-7

Altars:
Dithmenos
Elyvilon
Okawaru
Qazlal
Uskayaw
Zin

Shops:
D:1 :   D:2 (

Annotations:
D:3 Sigmund


Innate Abilities, Weirdness & Mutations

You cannot wear most types of armour.
You are amphibious.
You can wear up to eight rings at the same time.
Your skin changes colour to match your surroundings (Stealth+).
Your rubbery body absorbs attacks. (AC +1, EV +1)
((You are camouflaged when in or above water. (Stealth+)))
You have tentacles for arms and can constrict up to eight enemies at once.


Message History

Press: ? - help, Dir - move target, f - black bear
Aim: a black bear (heavily wounded, umbra) Poisonous vapours surround the black bear!
The black bear is poisoned.
The black bear bites you! The black bear claws you. The black bear misses you.
Unknown command.
You are too injured to fight recklessly!
Unknown command.
You hit the black bear but do no damage.
You grab the black bear. You squeeze the black bear!
The black bear is severely wounded.
You constrict the black bear, but do no damage.
The black bear goes berserk!
Casting: Poisonous Vapours (safe; 6% risk of failure)
Confirm with . or Enter, or press ? or * to list all spells.
Aiming: Sting (safe; 3% risk of failure)
Press: ? - help, Shift-Dir - straight line, f/p - black bear
Aim: a black bear (severely wounded, constricted by you, berserk, poisoned, umbra, 100% to hit)
The sting hits the black bear but does no damage.
The black bear looks even sicker.
The black bear is severely wounded.
You constrict the black bear.
The black bear bites you but does no damage.
The black bear barely misses you. The black bear claws you!
The black bear closely misses you. The black bear claws you.
* * * LOW HITPOINT WARNING * * *
The black bear claws you.
* * * LOW HITPOINT WARNING * * *
Casting: Sting (safe; 3% risk of failure)
Confirm with . or Enter, or press ? or * to list all spells.
Aiming: Sting (safe; 3% risk of failure)
Press: ? - help, Shift-Dir - straight line, f/p - black bear
Aim: a black bear (almost dead, constricted by you, berserk, very poisoned, umbra, 100% to hit)
The sting hits the black bear.
The black bear looks even sicker.
The black bear is almost dead.
You constrict the black bear, but do no damage.
The black bear bites you!
* * * LOW HITPOINT WARNING * * *
The black bear closely misses you. The black bear claws you.
You die...

............# ...........#
######## ........$.# #.......
.........# #....... ........#
#....... ....... #.......
#.h.# #.......
################@..####
#.......
..............!.........
#.......
########################
#....... ..........#...#
##.#####
#########.#.#.#############.#
#### #...#...............#
...# ########################
##.# #.....# ##.# #.###.#


You could see a black bear (berserk, very poisoned).

Vanquished Creatures
  Menkaure (D:4)
  A bullfrog (D:4)
  A scorpion (D:4)
  An iguana (D:4)
  A sleepcap (D:4)
  2 orc wizards
  6 adders
  A shadow imp (D:4)
  3 worms
  3 dart slugs
  10 orcs
  6 bats
  7 endoplasms
  6 giant cockroaches
  8 goblins
  6 hobgoblins
  2 jackals (D:4)
  6 quokkas
  3 ball pythons
  A frilled lizard (D:2)
  5 kobolds
  6 rats
86 creatures vanquished.

Vanquished Creatures (others)
  A butterfly (D:3)
1 creature vanquished.

Grand Total: 87 creatures vanquished

Notes
Turn   | Place    | Note
-------+----------+-------------------------------------------
     0 | D:1      | LobsterGuardian the Octopode Venom Mage began the quest for
                  | the Orb.
     0 | D:1      | Reached XP level 1. HP: 11/11 MP: 3/3
     2 | D:1      | Noticed a vampire
     2 | D:1      | Noticed an ogre
     4 | D:1      | Noticed a draconian
     4 | D:1      | Noticed an octopode
     6 | D:1      | Noticed a meteoran
     8 | D:1      | Noticed a minotaur
     8 | D:1      | Noticed a felid
    10 | D:1      | Noticed a tengu
    10 | D:1      | Noticed an armataur
    12 | D:1      | Noticed a gargoyle
    12 | D:1      | Noticed a demonspawn
    14 | D:1      | Noticed a spriggan
    14 | D:1      | Noticed a merfolk
    16 | D:1      | Noticed a troll
    18 | D:1      | Noticed a human
    20 | D:1      | Noticed a demigod
    20 | D:1      | Noticed a vine stalker
    22 | D:1      | Noticed a formicid
    22 | D:1      | Noticed an elf
    24 | D:1      | Noticed a naga
    24 | D:1      | Noticed an elf
    26 | D:1      | Noticed a demigod
    26 | D:1      | Noticed a human
    32 | D:1      | Found a faded altar of an unknown god.
   109 | D:1      | Prayed at the altar of an unknown god.
   109 | D:1      | Became a worshipper of Uskayaw the Reveller
   109 | D:1      | Reached * piety under Uskayaw
   119 | D:1      | Reached ** piety under Uskayaw
   122 | D:1      | Reached *** piety under Uskayaw
   123 | D:1      | Reached XP level 2. HP: 10/17 MP: 0/5
   267 | D:1      | Found Vuidud's Book Emporium.
   267 | D:1      | Noticed a walking frostbound tome
   269 | D:1      | Noticed a walking frostbound tome
   544 | D:1      | You fall into a shaft and drop 1 floor!
   678 | D:2      | Reached XP level 3. HP: 21/21 MP: 3/6
   956 | D:2      | Learned a level 2 spell: Poisonous Vapours
   989 | D:2      | Found Yrghe Eti's Weapon Shoppe.
  1232 | D:2      | Reached skill level 1 in Invocations
  1422 | D:3      | Noticed Sigmund
  1456 | D:3      | Reached XP level 4. HP: 27/27 MP: 3/7
  1635 | D:3      | Found a white marble altar of Elyvilon.
  2007 | D:3      | Reached **** piety under Uskayaw
  2017 | D:3      | Reached skill level 5 in Poison Magic
  2017 | D:3      | Reached XP level 5. HP: 4/31 MP: 4/8
  2141 | D:3      | Found an iron altar of Okawaru.
  2207 | D:3      | Found a shadowy altar of Dithmenos.
  2215 | D:3      | Fell from the grace of Uskayaw
  2215 | D:3      | Became a worshipper of Dithmenos the Shadowed
  2391 | D:3      | Learned a level 3 spell: Mephitic Cloud
  2697 | D:4      | Paralysed by the fury of Uskayaw for 3 turns
  2704 | D:4      | Reached XP level 6. HP: 30/36 MP: 0/9
  2783 | D:4      | Found a glowing silver altar of Zin.
  2810 | D:4      | Found a stormy altar of Qazlal.
  3070 | D:4      | Noticed Menkaure
  3076 | D:4      | Killed Menkaure
  3077 | D:4      | Reached skill level 5 in Stealth
  3168 | D:4      | Reached skill level 1 in Short Blades
  3168 | D:4      | Reached XP level 7. HP: 33/42 MP: 6/11
  3169 | D:4      | Reached * piety under Dithmenos
  3750 | D:5      | Entered Level 5 of the Dungeon
  3899 | D:5      | HP: 1/42 [black bear (7)]
  3899 | D:5      | Slain by a black bear

Illustrated notes

Levels and vault maps discovered:
D:1:      kb_arrival_jail, layout_rooms, serial_shops, nicolae_shop_mannequins,
          basic_ecumenical_altar, minmay_gold_behind_fungi, due_unseen_surprise
D:2:      layout_loops_ring, serial_shops, shop, grunt_decor_mini_mirrors
D:3:      layout_loops_ring, mainiacjoe_overflow_two_lobes,
          nicolae_elyvilon_peaceful_grove, uniq_sigmund
D:4:      minmay_general_purpose_star, layout_loops_ring,
          overflow_temple_1_default, mainiacjoe_overflow_paths, uniq_menkaure
D:5:      layout_basic, mainiacjoe_overflow_six_doors_small,
          biasface_ghost_orc_armoury

Skill      XL: |  1  2  3  4  5  6  7 |
---------------+----------------------+-----
Poison Magic   | 4 5 |  5.9
Stealth        | 3 4 5 |  5.5
Invocations    | 1 2 3 |  3.0
Transmutations | 2 |  2.2
Short Blades   | 1 |  1.1
Fighting       | |  0.6
Dodging        | |  2.2
Spellcasting   | |  2.9
Conjurations   | |  0.2
Air Magic      | |  0.9

Action                     |  1- 3 |  4- 6 |  7- 9 || total
---------------------------+-------+-------+-------++-------
  Melee: Dagger            |    38 |    64 |    31 ||   133
         Constrict         |     9 |    14 |     7 ||    30
         Tentacles         |     6 |    11 |    10 ||    27
         Unarmed           |     1 |     1 |       ||     2
         Punch             |       |       |     2 ||     2
   Cast: Sting             |    33 |    22 |    13 ||    68
         Poisonous Vapours |       |     6 |     1 ||     7
         Mephitic Cloud    |       |     2 |     2 ||     4
    Use: Scroll            |     3 |     2 |     2 ||     7
         Potion            |       |     4 |     2 ||     6
   Stab: Sleeping          |    10 |     8 |       ||    18
         Distracted        |     1 |       |       ||     1
         Invisible         |       |     2 |       ||     2
         Paralysed         |       |     1 |       ||     1
         Confused          |       |     1 |     1 ||     2
 Armour: Skin              |    13 |    37 |    29 ||    79
  Dodge: Dodged            |    21 |    39 |    17 ||    77

Table legend: (Time is in decaauts)
 A = Elapsed time spent in this place.
 B = Non-inter-level travel time spent in this place.
 C = Inter-level travel time spent in this place.
 D = Time resting spent in this place.
 E = Time spent auto-exploring this place.
 F = Levels seen in this place.
 G = Mean time per level.
                   A        B        C        D        E       F      G
               +--------+--------+--------+--------+--------+-----+--------+
         Total |   3894 |   3765 |    129 |      0 |   3206 |   5 |  778.8 |
       Dungeon |   3894 |   3765 |    129 |      0 |   3206 |   5 |  778.8 |
               +--------+--------+--------+--------+--------+-----+--------+

Top non-repeatable levels by time:
     D:4: 1316 daAuts
     D:3: 1064 daAuts
     D:2: 791 daAuts
     D:1: 574 daAuts
     D:5: 148 daAuts
